[Event "Titled Tuesday Blitz August 31 2021"]
[White "Yordanov, Nikolay Plamenov"]
[Black "Gusarov, Grigory"]
[WhiteFideId "2907445"]
[BlackFideId "24102172"]
[WhiteElo "2248"]
[BlackElo "2247"]
[Result "1-0"]
[Round "07"]
[TimeControl "180+1"]
[Date "2021.08.31"]
[WhiteClock "0:00:10"]
[BlackClock "0:00:11"]

1. d4 Nf6 2. Bf4 d6 3. e3 c5 4. Nf3 cxd4 5. exd4 Qb6 6. b3 Bg4 7. c3 Nc6 8. h3 Bxf3 9. Qxf3 e5 10. dxe5 dxe5 11. Be3 Bc5 12. Bc4 e4 13. Qg3 Bxe3 14. fxe3 Qc5 15. O-O O-O-O 16. Bxf7 Ne5 17. Be6+ Kb8 18. Rf5 Rd1+ 19. Kh2 Re8 20. Rxe5 Qd6 21. c4 Rxe6 22. Rxe6 Rh1+ 23. Kxh1 Qxg3 24. Nc3 Qxe3 25. Nd5 Nxd5 26. cxd5 Kc7 27. Rf1 Kd8 28. Rf7 Qc1+ 29. Kh2 Qc5 30. Rxe4 Qxd5 31. Ref4 Qe5 32. g3 g5 33. Rf2 h5 34. Rxb7 h4 35. Rf8+ Qe8 36. Rxe8+ Kxe8 37. gxh4 gxh4 38. Rxa7 Kd8 39. b4 1-0


[Site "https://www.chess.com"]

[Event "Titled Tuesday Blitz August 31 2021"]
[White "Zhigalko, Sergei"]
[Black "Hansen, Eric"]
[WhiteFideId "13502956"]
[BlackFideId "2606771"]
[WhiteElo "2662"]
[BlackElo "2568"]
[Result "1/2-1/2"]
[Round "07"]
[TimeControl "180+1"]
[Date "2021.08.31"]
[WhiteClock "0:01:48"]
[BlackClock "0:01:06"]

1. e4 e5 2. Nf3 Nc6 3. Bc4 Bc5 4. b4 Bxb4 5. c3 Be7 6. d4 d6 7. Qb3 Na5 8. Bxf7+ Kf8 9. Qa4 Kxf7 10. Qxa5 exd4 11. cxd4 c6 12. Qa4 Nf6 13. Qb3+ d5 14. Ne5+ Kg8 15. Nc3 Qb6 16. exd5 Qxb3 17. axb3 Bb4 18. Bd2 Bxc3 19. Bxc3 Nxd5 20. Kd2 h5 21. Rhe1 Rh6 22. Nd3 Re6 23. Nb4 Nc7 24. Nd3 Nd5 25. Nb4 Nc7 26. Nd3 Nd5 1/2-1/2


[Site "https://www.chess.com"]

[Event "Titled Tuesday Blitz August 31 2021"]
[White "Zubov, Alexander"]
[Black "Schmakel, Sam"]
[WhiteFideId "14109409"]
[BlackFideId "2039311"]
[WhiteElo "2740"]
[BlackElo "2356"]
[Result "1-0"]
[Round "07"]
[TimeControl "180+1"]
[Date "2021.08.31"]
[WhiteClock "0:00:11"]
[BlackClock "0:00:02"]

1. e4 e5 2. Nf3 Nc6 3. Bb5 Nf6 4. d3 Bc5 5. Nc3 Nd4 6. Ba4 O-O 7. Bg5 Nxf3+ 8. Qxf3 c6 9. Bb3 a5 10. a4 Bd4 11. O-O Bxc3 12. bxc3 d6 13. Rab1 h6 14. Bxf6 Qxf6 15. Qxf6 gxf6 16. f4 Kg7 17. Rf3 b5 18. Rbf1 Ra7 19. fxe5 fxe5 20. Rg3+ Kh7 21. Rf6 bxa4 22. Bxa4 Be6 23. c4 Rb8 24. Rf1 c5 25. Ra1 Rg8 26. Rf3 Kg7 27. Rff1 Rb8 28. Ra3 Rb4 29. Rfa1 f5 30. exf5 Bxf5 31. Kf2 e4 32. Ke3 exd3 33. cxd3 Rb2 34. R1a2 Rxa2 35. Rxa2 Kf6 36. Bc6 Ke5 37. g3 Be6 38. Ra3 Bf5 39. h4 Bg4 40. Bb5 Bd1 41. Kd2 Bf3 42. Ra1 Bg4 43. Re1+ Kf6 44. Rf1+ Ke5 45. Kc3 Bf5 46. Re1+ Kf6 47. Rf1 Rg7 48. Bc6 Ke5 49. Re1+ Kf6 50. Re3 Ra7 51. Ba4 Bd7 52. Bxd7 Rxd7 53. Kb3 d5 54. Ka4 dxc4 55. dxc4 Rd4 56. Kb5 a4 57. Kxc5 Rg4 58. Ra3 Ke6 59. Kb5 Kd7 60. c5 Kc7 61. Rxa4 Rxg3 62. Ra7+ Kc8 63. Rh7 Rg6 64. c6 Rg1 65. Rxh6 Rb1+ 66. Kc5 Rc1+ 67. Kd5 Rd1+ 68. Ke5 Kc7 69. h5 Re1+ 70. Kf5 Rf1+ 71. Ke5 Re1+ 72. Kf5 Rf1+ 73. Ke6 Kxc6 74. Rf6 Re1+ 75. Kf7+ Kd7 76. h6 Rh1 77. Kg7 Ke7 78. Rg6 Rh4 79. h7 1-0


[Site "https://www.chess.com"]

[Event "Titled Tuesday Blitz August 31 2021"]
[White "ketster"]
[Black "Molina, Roberto Junio Brito"]
[BlackFideId "2109450"]
[WhiteElo "2540"]
[BlackElo "2402"]
[Result "1-0"]
[Round "07"]
[TimeControl "180+1"]
[Date "2021.08.31"]
[WhiteClock "0:00:16"]
[BlackClock "0:00:03"]

1. d4 d5 2. c4 c6 3. Nf3 Nf6 4. g3 Bf5 5. Nc3 e6 6. Nh4 Bg4 7. h3 Bh5 8. g4 Nfd7 9. gxh5 Qxh4 10. e3 Qd8 11. Rg1 g6 12. Bd3 Nf6 13. hxg6 hxg6 14. Qf3 Nbd7 15. Bd2 Bh6 16. O-O-O Qe7 17. e4 Bxd2+ 18. Rxd2 dxe4 19. Nxe4 Nxe4 20. Bxe4 O-O-O 21. Rd3 Nb6 22. b3 f5 23. Bxc6 bxc6 24. Qxc6+ Kb8 25. Rxg6 Rhe8 26. Kb2 Rd6 27. Qb5 Qd7 28. a4 Qxb5 29. axb5 Nd7 30. Kc3 Rd8 31. Re3 Nf8 32. Rf6 Kc7 33. c5 Rd5 34. Rf7+ Kb8 35. h4 Ng6 36. Rxe6 Nxh4 37. c6 Ka8 38. Ree7 Rh8 39. Rxa7+ Kb8 40. Rfb7+ 1-0


[Site "https://www.chess.com"]

[Event "Titled Tuesday Blitz August 31 2021"]
[White "stanyga"]
[Black "Eljanov, Pavel"]
[BlackFideId "14102951"]
[WhiteElo "2707"]
[BlackElo "2602"]
[Result "0-1"]
[Round "07"]
[TimeControl "180+1"]
[Date "2021.08.31"]
[WhiteClock "0:00:52"]
[BlackClock "0:02:19"]

1. e4 c6 2. d4 d5 3. e5 Bf5 4. Nf3 e6 5. Be2 Ne7 6. O-O Ng6 7. a4 Nd7 8. a5 f6 9. a6 b6 10. exf6 Qxf6 11. c4 Bd6 12. cxd5 exd5 13. Bg5 Qf7 14. Bd3 O-O 15. Bxf5 Qxf5 16. Nc3 h6 17. Be3 Nf6 18. h3 Rae8 19. Qb1 Ne4 20. Nd2 Nf4 21. Ncxe4 dxe4 22. Rc1 Nxh3+ 23. gxh3 Qxh3 24. Nf1 Re6 25. Qa2 Kh8 0-1


[Site "https://www.chess.com"]

[Event "Titled Tuesday Blitz August 31 2021"]
[White "Abdurakhmonov, Mukhammadali"]
[Black "Bernadskiy, Vitaliy"]
[WhiteFideId "14207346"]
[BlackFideId "14100371"]
[WhiteElo "2266"]
[BlackElo "2510"]
[Result "1/2-1/2"]
[Round "08"]
[TimeControl "180+1"]
[Date "2021.08.31"]
[WhiteClock "0:02:06"]
[BlackClock "0:02:10"]

1. e4 d5 2. exd5 Qxd5 3. Nc3 Qd8 4. d4 g6 5. Nf3 Bg7 6. Bc4 Nf6 7. O-O O-O 8. Re1 Nc6 9. h3 b6 10. Ne5 Nxd4 11. Be3 c5 12. Bxd4 Qxd4 13. Qf3 Bf5 14. Rad1 Qh4 15. Bxf7+ Kh8 16. Bb3 1/2-1/2


[Site "https://www.chess.com"]

[Event "Titled Tuesday Blitz August 31 2021"]
[White "Alavkin, Arseny"]
[Black "Pandey Srishti"]
[WhiteFideId "4120612"]
[BlackFideId "35093290"]
[WhiteElo "2391"]
[BlackElo "1816"]
[Result "1-0"]
[Round "08"]
[TimeControl "180+1"]
[Date "2021.08.31"]
[WhiteClock "0:01:58"]
[BlackClock "0:00:16"]

1. d4 d5 2. c4 c6 3. cxd5 cxd5 4. Bg5 Nc6 5. Nc3 a6 6. e3 Nf6 7. Bxf6 gxf6 8. Nf3 e6 9. Bd3 Bd6 10. Rc1 f5 11. O-O O-O 12. Na4 Kh8 13. Nc5 Rg8 14. a3 Ne7 15. b4 Ng6 16. Kh1 Qf6 17. Qe2 a5 18. Rc2 b6 19. Na4 Rb8 20. Rc6 Qd8 21. bxa5 bxa5 22. Rc3 Bd7 23. Nc5 Be8 24. Rfc1 Qe7 25. R3c2 f4 26. e4 dxe4 27. Qxe4 Rb6 28. d5 exd5 29. Qxd5 Bc6 30. Qd4+ f6 31. Qe3 fxe3 32. fxe3 Bxf3 33. gxf3 Ne5 34. Be4 Bxc5 35. Rxc5 Rb3 36. Rc7 Qd6 37. Rxh7# 1-0


[Site "https://www.chess.com"]

[Event "Titled Tuesday Blitz August 31 2021"]
[White "Al-Tarboush, Ward"]
[Black "Postny, Evgeny"]
[WhiteFideId "7601450"]
[BlackFideId "2804344"]
[WhiteElo "2319"]
[BlackElo "2521"]
[Result "0-1"]
[Round "08"]
[TimeControl "180+1"]
[Date "2021.08.31"]
[WhiteClock "0:00:03"]
[BlackClock "0:01:10"]

1. d4 Nf6 2. Nf3 c5 3. d5 g6 4. Nc3 Bg7 5. e4 d6 6. Be2 O-O 7. O-O Bg4 8. a4 Na6 9. Be3 Nc7 10. Qd2 Re8 11. Rfd1 Nd7 12. h3 Bxf3 13. Bxf3 a6 14. a5 Nb5 15. Na4 Nd4 16. Be2 b5 17. axb6 Nxb6 18. Bxd4 Bxd4 19. c3 Bg7 20. Qc2 Nd7 21. Ra2 Qc7 22. Rda1 Reb8 23. b3 a5 24. Nb2 Qb6 25. Ra3 Ne5 26. Kh1 g5 27. Nc4 Nxc4 28. Bxc4 h6 29. Ra4 Qd8 30. Qd3 Be5 31. g3 Qf8 32. Rxa5 Rxa5 33. Rxa5 Qg7 34. Ra7 Qf6 35. Kg2 Bxc3 36. Qf3 Kg7 37. Qxf6+ Kxf6 38. Kf3 Bd4 39. Ke2 h5 40. f4 gxf4 41. gxf4 Rg8 42. Kf3 h4 43. e5+ dxe5 44. fxe5+ Bxe5 45. Rc7 Bxc7 0-1


[Site "https://www.chess.com"]

[Event "Titled Tuesday Blitz August 31 2021"]
[White "Arabidze, Meri"]
[Black "Timofeev, Artyom"]
[WhiteFideId "13604040"]
[BlackFideId "4140419"]
[WhiteElo "2432"]
[BlackElo "2582"]
[Result "1-0"]
[Round "08"]
[TimeControl "180+1"]
[Date "2021.08.31"]
[WhiteClock "0:00:43"]
[BlackClock "0:00:13"]

1. d4 Nf6 2. Nf3 g6 3. c4 b6 4. g3 Bb7 5. Bg2 Bg7 6. O-O O-O 7. Nc3 e6 8. d5 Na6 9. Bf4 Nc5 10. Nd4 Re8 11. Nb3 Nxb3 12. axb3 e5 13. Bg5 h6 14. Bd2 c6 15. e4 cxd5 16. exd5 d6 17. b4 a6 18. b3 Nd7 19. Ne4 Qb8 20. g4 Qc7 21. Rc1 Rac8 22. Qf3 Rf8 23. Qh3 f5 24. gxf5 gxf5 25. Ng3 f4 26. Nf5 Nf6 27. c5 bxc5 28. bxc5 dxc5 29. d6 Qf7 30. Ne7+ Kh8 31. Bxb7 Rcd8 32. Bc3 Rxd6 33. Bxe5 Qxe7 34. Bxd6 Qxd6 35. Bf3 Nd7 36. Rcd1 Bd4 37. Kh1 Ne5 38. Be4 f3 39. Rg1 Rf6 40. Qc8+ Rf8 41. Qb7 Qf6 42. Qh7# 1-0


[Site "https://www.chess.com"]

[Event "Titled Tuesday Blitz August 31 2021"]
[White "Bacrot, Etienne"]
[Black "Piesik, Piotr"]
[WhiteFideId "605506"]
[BlackFideId "1136194"]
[WhiteElo "2673"]
[BlackElo "2395"]
[Result "0-1"]
[Round "08"]
[TimeControl "180+1"]
[Date "2021.08.31"]
[WhiteClock "0:00:16"]
[BlackClock "0:00:20"]

1. g4 d5 2. Bg2 c6 3. c4 Bxg4 4. cxd5 cxd5 5. Qb3 Qd7 6. Bxd5 Be6 7. Bxe6 fxe6 8. Nf3 Nc6 9. Nc3 Nf6 10. d4 g6 11. Bf4 Bg7 12. O-O-O O-O 13. Ne5 Qc8 14. Kb1 Nxe5 15. Bxe5 Qc6 16. h4 Nd5 17. Bxg7 Kxg7 18. f3 Nxc3+ 19. bxc3 Rac8 20. Kc2 Qd5 21. h5 g5 22. h6+ Kg6 23. Qb1 Qf5+ 24. Rd3 e5 25. dxe5 Qxe5 26. Qxb7 Qxe2+ 27. Rd2 Qxf3 28. Qb1 Qe4+ 29. Rd3 Rf2+ 30. Kc1 Kf7 31. Qb3+ Kf8 32. Rhd1 Qf4+ 33. Kb1 Rf1 34. Qe6 Rb8+ 35. Kc2 Rxd1 36. Rxd1 Qa4+ 37. Kc1 Qa3+ 38. Kd2 Rd8+ 39. Ke2 Qb2+ 40. Kf3 Qxc3+ 41. Kg4 Rxd1 42. Qf5+ Qf6 43. Qc8+ Kf7 44. Qe6+ Qxe6+ 0-1


[Site "https://www.chess.com"]

[Event "Titled Tuesday Blitz August 31 2021"]
[White "Bazarov, Konstantin"]
[Black "Wong, Yinn Long"]
[WhiteFideId "4137000"]
[BlackFideId "5707684"]
[WhiteElo "2551"]
[BlackElo "2711"]
[Result "0-1"]
[Round "08"]
[TimeControl "180+1"]
[Date "2021.08.31"]
[WhiteClock "0:00:01"]
[BlackClock "0:00:04"]

1. d4 e6 2. c4 b6 3. f3 Bb7 4. e4 f5 5. exf5 exf5 6. Be3 Bd6 7. Bd3 Qf6 8. Nc3 Ne7 9. Qd2 O-O 10. O-O-O a6 11. Nge2 Nbc6 12. a3 Rae8 13. Kb1 Kh8 14. Rdf1 Ng6 15. Nd5 Qf7 16. f4 Nce7 17. Ndc3 c5 18. d5 b5 19. cxb5 Nxd5 20. Nxd5 Bxd5 21. Nc3 Be6 22. h4 Rb8 23. h5 Ne7 24. h6 g6 25. bxa6 c4 26. Bc2 Bxa3 27. Bd4+ Kg8 28. Na4 Nc6 29. Bc3 Bb4 30. Rd1 Bxc3 31. Qxc3 d5 32. Rhe1 d4 33. Rxd4 Nxd4 34. Qxd4 Rfe8 35. Nc5 Bd5 36. Rd1 Red8 37. Qe5 Ra8 38. g4 c3 39. Qxc3 Ba2+ 40. Kc1 Rxd1+ 41. Bxd1 Bd5 42. gxf5 gxf5 43. Bc2 Qg6 44. b4 Qxh6 45. Qe5 Bf7 46. Nd7 Qh1+ 47. Kb2 Rxa6 48. Nf6+ Kf8 49. Nd7+ Kg8 50. Qb8+ Kg7 51. Qe5+ Kh6 52. Qxf5 Qh5 53. Qe4 Re6 54. Ne5 Bg6 55. Qd4 Bxc2 56. Kxc2 Qe2+ 57. Kb3 Qg2 58. Kc4 Qg3 59. Kd5 Rf6 60. f5 Qg2+ 0-1


[Site "https://www.chess.com"]

[Event "Titled Tuesday Blitz August 31 2021"]
[White "Bilan, Danila"]
[Black "Nastore, Pavel-Alexandru"]
[WhiteFideId "24161918"]
[BlackFideId "1255002"]
[WhiteElo "2164"]
[BlackElo "1763"]
[Result "0-1"]
[Round "08"]
[TimeControl "180+1"]
[Date "2021.08.31"]
[WhiteClock "0:00:02"]
[BlackClock "0:00:14"]

1. d4 Nf6 2. Nf3 d5 3. c4 e6 4. Nc3 c6 5. Bg5 Be7 6. e3 O-O 7. Bd3 Nbd7 8. cxd5 exd5 9. O-O Re8 10. Qc2 h6 11. Bh4 Nf8 12. Rab1 Ne4 13. Bxe7 Qxe7 14. Bxe4 dxe4 15. Nd2 f5 16. Ne2 g5 17. b4 a6 18. a4 Be6 19. Nc4 Ng6 20. Nb6 Rad8 21. b5 Qd6 22. bxc6 bxc6 23. Rfc1 f4 24. Qxc6 Qf8 25. Qxe4 Bf5 26. Qc6 Bxb1 27. Rxb1 Rd6 28. Qc4+ Qf7 29. Qd3 fxe3 30. fxe3 Rde6 31. Nc4 Nh4 32. Rf1 Qh5 33. Ne5 Ng6 34. Ng3 Nxe5 35. dxe5 Qg4 36. Rf4 gxf4 37. exf4 Qxf4 38. h3 Qxe5 39. Kh2 Qf4 40. Qd5 Qf6 41. Qh5 Qg6 42. Qf3 Rf8 43. Qd5 Qg5 44. Nf5 Qxf5 45. Qd3 Qxd3 0-1


[Site "https://www.chess.com"]

[Event "Titled Tuesday Blitz August 31 2021"]
[White "Blomqvist, Erik"]
[Black "Hansen, Sune Berg"]
[WhiteFideId "1709437"]
[BlackFideId "1400266"]
[WhiteElo "2590"]
[BlackElo "2727"]
[Result "0-1"]
[Round "08"]
[TimeControl "180+1"]
[Date "2021.08.31"]
[WhiteClock "0:00:06"]
[BlackClock "0:00:18"]

1. e4 e5 2. Nf3 Nc6 3. Bb5 a6 4. Ba4 d6 5. O-O Bd7 6. c3 g6 7. d4 Bg7 8. dxe5 dxe5 9. Bg5 Nge7 10. Nbd2 O-O 11. Re1 Qe8 12. Qe2 Nc8 13. Rad1 Kh8 14. Bc2 Nd6 15. h3 Be6 16. Bb3 Na5 17. Bxe6 Qxe6 18. b3 Nc6 19. Be3 b6 20. c4 Nb7 21. Nb1 f5 22. exf5 gxf5 23. Nc3 h6 24. Nd5 Rf7 25. Bc1 Nc5 26. Bb2 e4 27. Bxg7+ Rxg7 28. Nh4 Rag8 29. Qh5 Rg5 30. Qe2 Qf7 31. Nf4 Ne5 32. Rd5 Ncd3 33. Nxd3 Nxd3 34. Rxd3 exd3 35. Qxd3 Qf6 36. Qd5 f4 37. Re6 Qa1+ 38. Kh2 Rxd5 0-1


[Site "https://www.chess.com"]

[Event "Titled Tuesday Blitz August 31 2021"]
[White "Borsuk, Konstantin"]
[Black "Martin Carmona, Gaston Manuel"]
[WhiteFideId "14113406"]
[BlackFideId "22284567"]
[WhiteElo "2382"]
[BlackElo "2161"]
[Result "1-0"]
[Round "08"]
[TimeControl "180+1"]
[Date "2021.08.31"]
[WhiteClock "0:00:30"]
[BlackClock "0:00:01"]

1. d4 Nf6 2. c4 g6 3. Nc3 Bg7 4. e4 d6 5. f3 O-O 6. Be3 c5 7. dxc5 dxc5 8. Qxd8 Rxd8 9. Bxc5 Nc6 10. Nd5 Nd7 11. Bxe7 Nxe7 12. Nxe7+ Kf8 13. Nd5 Bxb2 14. Rb1 Ba3 15. Ne2 Ne5 16. Nd4 Bc5 17. Nb3 Ba3 18. Be2 Be6 19. f4 Nc6 20. O-O Rac8 21. g4 b6 22. Kg2 Bd6 23. Rbd1 Kg7 24. e5 Ba3 25. h4 Nb4 26. Nf6 Rxd1 27. Rxd1 a5 28. Nd4 Bxc4 29. Bxc4 Rxc4 30. Nb5 Rc2+ 31. Kh1 Rc1 32. Rxc1 Bxc1 33. f5 gxf5 34. gxf5 Bb2 35. Nh5+ Kh6 36. e6 fxe6 37. fxe6 Nc6 38. Nf4 Bf6 39. Nd5 Bxh4 40. Nxb6 Kg6 41. Kg2 Kf5 42. Nc7 Bd8 43. Nbd5 Ke5 44. a4 Kd6 45. e7 Nxe7 46. Nxe7 Bxe7 47. Na6 Kd5 48. Nb8 Kc5 49. Kf3 Bd6 50. Nd7+ Kc4 51. Ke4 Kb4 52. Nb6 Bc5 53. Nd7 Be7 54. Ne5 1-0


[Site "https://www.chess.com"]

[Event "Titled Tuesday Blitz August 31 2021"]
[White "Bortnyk, Olexandr"]
[Black "Pridorozhni, Aleksei"]
[WhiteFideId "14120828"]
[BlackFideId "4127870"]
[WhiteElo "2723"]
[BlackElo "2565"]
[Result "0-1"]
[Round "08"]
[TimeControl "180+1"]
[Date "2021.08.31"]
[WhiteClock "0:00:34"]
[BlackClock "0:00:57"]

1. d4 d5 2. Nc3 Nf6 3. Bf4 a6 4. e3 Bf5 5. Nf3 e6 6. Ne5 h6 7. g4 Bh7 8. h4 Nfd7 9. Bd3 Nxe5 10. Bxh7 Nc4 11. Bd3 Nxb2 12. Qb1 Nxd3+ 13. cxd3 b5 14. a4 b4 15. Ne2 Nd7 16. Qc2 c5 17. dxc5 Bxc5 18. d4 Be7 19. Kf1 Rc8 20. Qd3 Rc4 21. Kg2 Qc8 22. g5 hxg5 23. hxg5 Rxh1 24. Rxh1 g6 25. Rh8+ Nf8 26. a5 Qc6 27. Be5 Qa4 28. Nf4 Qc2 29. Qxc2 Rxc2 30. Nd3 b3 31. Rh1 b2 32. Rb1 Ba3 33. Kg3 Nd7 34. Kf3 Nxe5+ 35. dxe5 Rc1 36. Rxb2 Bxb2 37. Nxb2 Ra1 38. Nd3 Rxa5 39. Nb4 Ra1 40. e4 dxe4+ 41. Ke3 a5 42. Na6 a4 43. Kxe4 a3 44. Kf3 Rb1 0-1


[Site "https://www.chess.com"]

[Event "Titled Tuesday Blitz August 31 2021"]
[White "Brunello, Marina"]
[Black "Shahade, Gregory"]
[WhiteFideId "822590"]
[BlackFideId "2009064"]
[WhiteElo "2328"]
[BlackElo "2663"]
[Result "0-1"]
[Round "08"]
[TimeControl "180+1"]
[Date "2021.08.31"]
[WhiteClock "0:00:14"]
[BlackClock "0:00:15"]

1. e4 e5 2. Nf3 Nc6 3. Bc4 Nf6 4. d3 Bc5 5. O-O a6 6. c3 Ba7 7. Bb3 d6 8. Be3 Bxe3 9. fxe3 Ne7 10. Nh4 O-O 11. Nd2 Kh8 12. h3 Neg8 13. Qe1 Be6 14. Bc2 g6 15. Qg3 Nh5 16. Qe1 Qg5 17. Nhf3 Qg3 18. Qxg3 Nxg3 19. Rf2 h6 20. Kh2 Nh5 21. b4 Kg7 22. g4 Nhf6 23. Kg3 Nh7 24. d4 f6 25. d5 Bd7 26. Rff1 Ng5 27. c4 a5 28. a3 axb4 29. axb4 b6 30. h4 Nxf3 31. Nxf3 Ne7 32. Nd2 Rfb8 33. h5 gxh5 34. gxh5 Kf7 35. Nf3 Rg8+ 36. Kf2 Bg4 37. Rxa8 Rxa8 38. Bd1 Ra2+ 39. Kg3 Bd7 40. Nh4 Rd2 41. Re1 Rd3 42. Bg4 Bxg4 43. Kxg4 Rc3 44. c5 dxc5 45. bxc5 Rxc5 46. Nf5 Nxf5 47. Kxf5 Rc2 48. Ra1 Rg2 0-1


[Site "https://www.chess.com"]

[Event "Titled Tuesday Blitz August 31 2021"]
[White "Buscar, Michael"]
[Black "Ulko, Jaroslav"]
[WhiteFideId "2603616"]
[BlackFideId "4116658"]
[WhiteElo "2010"]
[BlackElo "2304"]
[Result "0-1"]
[Round "08"]
[TimeControl "180+1"]
[Date "2021.08.31"]
[WhiteClock "0:00:19"]
[BlackClock "0:01:16"]

1. d4 Nf6 2. c4 g6 3. Nf3 Bg7 4. g3 O-O 5. Bg2 d6 6. O-O Nbd7 7. Nbd2 e5 8. dxe5 dxe5 9. Qc2 Qe7 10. b3 Re8 11. Bb2 e4 12. Nd4 e3 13. N2f3 exf2+ 14. Rxf2 Ng4 15. Raf1 Nc5 16. Nb5 Ne4 17. Bxg7 Kxg7 18. Qb2+ f6 19. Nc3 Ngxf2 20. Nd5 Qc5 21. Nd4 Nh3+ 22. Bxh3 Bxh3 23. Rf4 Rad8 24. e3 Rxd5 25. cxd5 Qxd5 26. Qc2 c5 27. Nf3 Bf5 28. g4 Ng5 29. gxf5 Nxf3+ 30. Kf2 Ng5 31. Kg3 Rxe3+ 0-1


[Site "https://www.chess.com"]

[Event "Titled Tuesday Blitz August 31 2021"]
[White "Chen, Max"]
[Black "Assaubayeva, Bibisara"]
[WhiteFideId "2622440"]
[BlackFideId "13708694"]
[WhiteElo "2473"]
[BlackElo "2232"]
[Result "0-1"]
[Round "08"]
[TimeControl "180+1"]
[Date "2021.08.31"]
[WhiteClock "0:01:02"]
[BlackClock "0:01:14"]

1. e4 c5 2. c3 Nf6 3. e5 Nd5 4. d4 cxd4 5. cxd4 d6 6. Nf3 Nc6 7. Bc4 e6 8. O-O Be7 9. Bxd5 exd5 10. Nc3 Be6 11. Re1 dxe5 12. Nxe5 Nxe5 13. dxe5 O-O 14. Nb5 Rc8 15. Nd4 Qb6 16. b3 Bb4 17. Nxe6 Bxe1 18. Qxe1 fxe6 19. Be3 d4 20. Bg5 Rf5 21. h4 h6 22. Bd2 Qb5 23. f4 Rc2 24. Rc1 d3 25. Qe4 Qc5+ 26. Qe3 Qxe3+ 27. Bxe3 Rf8 28. Rd1 Rd8 29. Bxa7 Rxa2 30. Bb6 Rd5 31. b4 Re2 32. Bc5 d2 33. Kf1 Re4 34. g3 Rd3 35. Kf2 h5 36. Bd6 b6 37. Be7 Kf7 38. Bd6 Kg6 39. b5 Kf5 40. Bc7 Kg4 41. Bxb6 Rf3+ 42. Kg2 Re2+ 0-1


[Site "https://www.chess.com"]

[Event "Titled Tuesday Blitz August 31 2021"]
[White "Chigaev, Maksim"]
[Black "Schmakel, Sam"]
[WhiteFideId "4108116"]
[BlackFideId "2039311"]
[WhiteElo "2579"]
[BlackElo "2356"]
[Result "0-1"]
[Round "08"]
[TimeControl "180+1"]
[Date "2021.08.31"]
[WhiteClock "0:00:02"]
[BlackClock "0:00:03"]

1. d4 Nf6 2. Nc3 d5 3. Bf4 e6 4. Nb5 Na6 5. e3 Be7 6. Nh3 O-O 7. a3 c5 8. Nc3 Bd7 9. Bxa6 bxa6 10. O-O Qb6 11. Rb1 Rac8 12. Ng5 Qa5 13. dxc5 Qxc5 14. Nf3 Rfd8 15. Be5 Bb5 16. Re1 Ne4 17. Bd4 Qc7 18. Nxe4 dxe4 19. Nd2 e5 20. Bc3 Bxa3 21. Qh5 f6 22. Nxe4 Be7 23. Ng3 Bf8 24. h4 a5 25. Qg4 a4 26. h5 a6 27. Ne4 Qf7 28. Ba5 f5 29. Qh4 Be7 30. Ng5 Qf6 31. Bxd8 Rxd8 32. Rbd1 Qxg5 33. Rxd8+ Bxd8 34. Qb4 h6 35. Qd6 Bf6 36. Qe6+ Kh7 37. c4 Qxh5 38. cxb5 axb5 39. Rc1 e4 40. Rf1 Bxb2 41. Qb6 a3 42. Qxb5 Qg4 43. Qb3 h5 44. Kh1 Qe2 45. Rg1 Qxf2 46. Qf7 Qh4# 0-1


[Site "https://www.chess.com"]

[Event "Titled Tuesday Blitz August 31 2021"]
[White "Cunha, Lucas Aguiar"]
[Black "Ljukin, Sergei"]
[WhiteFideId "2125404"]
[BlackFideId "14102200"]
[WhiteElo "2361"]
[BlackElo "2309"]
[Result "0-1"]
[Round "08"]
[TimeControl "180+1"]
[Date "2021.08.31"]
[WhiteClock "0:00:10"]
[BlackClock "0:00:17"]

1. e4 e6 2. d4 d5 3. e5 c5 4. c3 Nc6 5. Nf3 Qb6 6. a3 f6 7. Bd3 c4 8. Bc2 fxe5 9. dxe5 g6 10. O-O Bg7 11. Qe2 Nh6 12. Bf4 O-O 13. g3 Qxb2 14. Qd2 Rxf4 15. gxf4 Qxa1 16. Ba4 Bd7 17. Bxc6 bxc6 18. Nd4 Rb8 19. Nc2 Qb2 20. Nb4 Qxd2 21. Nxd2 Rb6 22. Nf3 a5 23. Nc2 c5 24. Ne3 Nf5 25. Rc1 Bh6 26. Ng2 Bc6 27. h4 d4 28. Nd2 Bd5 29. cxd4 cxd4 30. Rxc4 Bxc4 31. Nxc4 Rb1+ 32. Kh2 Rc1 33. Nxa5 d3 34. Nb3 Rc3 35. Nd2 Rxa3 36. Ne4 Ra2 37. Kg1 d2 38. Nc3 Rc2 0-1


[Site "https://www.chess.com"]

[Event "Titled Tuesday Blitz August 31 2021"]
[White "Dang, Hoang Son"]
[Black "ketster"]
[WhiteFideId "12402435"]
[WhiteElo "2248"]
[BlackElo "2553"]
[Result "0-1"]
[Round "08"]
[TimeControl "180+1"]
[Date "2021.08.31"]
[WhiteClock "0:00:03"]
[BlackClock "0:00:05"]

1. d4 Nf6 2. c4 e6 3. Nf3 d5 4. g3 Bb4+ 5. Bd2 Be7 6. Bg2 O-O 7. O-O Nbd7 8. Qc2 c6 9. Rd1 Ne4 10. Nc3 f5 11. Bf4 g5 12. Bc1 Bf6 13. e3 Qe7 14. Nd2 g4 15. Ne2 Bg7 16. Nf4 Ndf6 17. Rb1 Bd7 18. b4 Rac8 19. Nxe4 Nxe4 20. Bxe4 fxe4 21. a4 a6 22. Qa2 Bh6 23. b5 Bxf4 24. exf4 Rf7 25. bxa6 bxa6 26. Rb7 Qf6 27. Be3 Be8 28. Rdb1 Rcc7 29. Rb8 Rfe7 30. Qa3 c5 31. cxd5 exd5 32. dxc5 d4 33. R1b6 Qg7 34. Bc1 e3 35. fxe3 dxe3 36. Qb3+ Qf7 37. Qc3 e2 38. Bd2 Qd5 39. Be1 Rxc5 40. Qb3 Qxb3 41. Rxb3 Kf7 42. Kf2 Bxa4 43. R3b6 Bb5 44. Rd8 Rc1 45. Rdd6 Rec7 46. Rf6+ Kg7 47. Rfe6 Rd1 48. f5 Kf7 49. Bb4 Rf1+ 50. Kg2 Rb1 51. Rf6+ Kg7 52. Bf8+ Kg8 53. Bh6 Rg1+ 54. Kxg1 e1=Q+ 55. Kg2 Rc2+ 0-1


[Site "https://www.chess.com"]

[Event "Titled Tuesday Blitz August 31 2021"]
[White "Do Valle Cardoso, Lucas"]
[Black "Pastar, Slaven"]
[WhiteFideId "2163144"]
[BlackFideId "14402718"]
[WhiteElo "2387"]
[BlackElo "2150"]
[Result "0-1"]
[Round "08"]
[TimeControl "180+1"]
[Date "2021.08.31"]
[WhiteClock "0:00:20"]
[BlackClock "0:00:15"]

1. e4 b6 2. Nc3 Bb7 3. d4 e6 4. a3 g6 5. h4 h6 6. Be3 Bg7 7. f3 d6 8. Qd2 Nd7 9. Nge2 Ne7 10. O-O-O c6 11. Kb1 Qc7 12. g4 a5 13. h5 g5 14. f4 gxf4 15. Bxf4 b5 16. d5 Bxc3 17. Qxc3 e5 18. dxc6 Qxc6 19. Bc1 Qxe4 20. Rg1 Rc8 21. Qb3 a4 22. Qxb5 Qxc2+ 23. Ka1 Be4 24. Nc3 Rxc3 25. bxc3 Qxd1 26. Qxd7+ Kf8 27. Bc4 Qxg1 28. Qe8+ Kxe8 0-1


[Site "https://www.chess.com"]

[Event "Titled Tuesday Blitz August 31 2021"]
[White "Dobrov, Vladimir"]
[Black "Naroditsky, Daniel"]
[WhiteFideId "4136594"]
[BlackFideId "2026961"]
[WhiteElo "2614"]
[BlackElo "2608"]
[Result "0-1"]
[Round "08"]
[TimeControl "180+1"]
[Date "2021.08.31"]
[WhiteClock "0:00:18"]
[BlackClock "0:00:16"]

1. d4 Nf6 2. c4 g6 3. Nc3 Bg7 4. e4 d6 5. Be2 O-O 6. Nf3 e5 7. O-O exd4 8. Nxd4 Re8 9. f3 c6 10. Kh1 Na6 11. Bg5 Nc5 12. Qd2 Qb6 13. Rad1 a5 14. Bf4 Rd8 15. Be3 Qc7 16. Rfe1 a4 17. Bf1 Be6 18. Bg5 Re8 19. Bf4 Rad8 20. Nc2 Qb6 21. Be3 Qa5 22. Qf2 b6 23. a3 Qa8 24. Nb4 h5 25. Qh4 Nh7 26. Bd4 Bh6 27. Qf2 Qb7 28. Be3 Bg7 29. Rd2 Nb3 30. Rdd1 Nc5 31. Bd4 Bh6 32. Be3 Bf8 33. h3 Be7 34. f4 Qc8 35. f5 gxf5 36. exf5 Bd7 37. g4 hxg4 38. hxg4 Bf6 39. Rxd6 Bxc3 40. bxc3 Bxf5 41. Rxd8 Be4+ 42. Bg2 Bxg2+ 43. Qxg2 Qxd8 44. Nxc6 Qh4+ 0-1


[Site "https://www.chess.com"]